 Dungeon Sprint DCSS version 0.29-a0-307-gecccbbdb84 (webtiles) character file.

Game seed: 1695655072464555680

751 Conn the Arsonist (level 7, -4/41 HPs)
             Began as an Octopode Fire Elementalist on Mar 27, 2022.
             Was an Initiate of Sif Muna.
             Slain by a polar bear (17 damage)
             ... in the Dungeon (Sprint II: "The Violet Keep of Menkaure").
             The game lasted 00:19:25 (1029 turns).

Conn the Arsonist (Octopode Fire Elementalist)      Turns: 1029, Time: 00:19:26

Health: -4/41      AC:  3    Str:  7    XL:     7   Next: 78%
Magic:  5/17       EV: 15    Int: 19    God:    Sif Muna [......]
Gold:   171        SH:  0    Dex: 13    Spells: 0/20 levels left

rFire   . . .      SeeInvis .     - Unarmed
rCold   . . .      Faith    .   (no shield)
rNeg    . . .      Spirit   .   g - +2 hat
rPois   .          Reflect  .   o - amulet of the acrobat
rElec   .          Harm     .   (no ring)
rCorr   .          Rampage  .   (no ring)
Will    .....      NoTele   +   (no ring)
Stlth   ++++......              (no ring)
HPRegen 0.13/turn               (no ring)
MPRegen 0.15/turn               (no ring)
                                (no ring)
                                (no ring)

@: no status effects
A: almost no armour, amphibious, 8 rings, camouflage 1, gelatinous body 1,
(nimble swimmer 1), tentacles
a: Renounce Religion


You were in the Dungeon.
You worshipped Sif Muna.
Sif Muna was noncommittal.
You visited 1 branch You collected 870 gold pieces.
You spent 699 gold pieces at shops.

Inventory:

Missiles
 q - 3 curare-tipped darts (quivered)
Armour
 g - a +2 hat (worn)
Jewellery
 m - an amulet of regeneration
 o - an amulet of the acrobat (around mantle)
Scrolls
 d - a scroll of fear
 f - 2 scrolls of blinking
 k - a scroll of silence
 l - a scroll of immolation {unknown}
 n - a scroll of enchant weapon {unknown}
 p - a scroll of vulnerability {unknown}
Potions
 a - 6 potions of magic
 b - 2 potions of curing
 c - a potion of lignification
 e - a potion of heal wounds
 i - 2 potions of attraction
 j - 2 potions of ambrosia
 r - a potion of brilliance
 s - 3 potions of resistance
 t - 4 potions of flight


   Skills:
 + Level 6.3 Dodging
 + Level 7.1 Stealth
 + Level 4.9 Unarmed Combat
 + Level 7.1 Spellcasting
 * Level 3.0 Conjurations
 + Level 11.6 Fire Magic


You couldn't memorise any spells.
You knew the following spells:

 Your Spells              Type           Power      Damage    Failure   Level
a - Foxfire               Conj/Fire      100%       2x1d9     1%          1
b - Conjure Flame         Conj/Fire      34%        6-21      1%          3
c - Inner Flame           Hex/Fire       28%        N/A       2%          3
d - Flame Wave            Conj/Fire      34%        2d8       4%          4
e - Scorch                Fire           100%       2d10      1%          2
f - Fireball              Conj/Fire      17%        3d9       14%         5
g - Blink                 Tloc           12%        N/A       16%         2

Your spell library contained the following spells:

 Spells                   Type           Power      Damage    Failure   Level
 Ensorcelled Hibernation  Hex/Ice        12%        N/A       16%         2
 Mephitic Cloud           Conj/Pois/Air  10%        N/A       21%         3
 Confusing Touch          Hex            6%         N/A       30%         3
 Summon Guardian Golem    Hex/Summ       6%         N/A       30%         3
 Ice Form                 Ice/Tmut       6%         N/A       69%         4
 Lightning Bolt           Conj/Air       6%         1d18      83%         5
 Manifold Assault         Tloc           6%         N/A       95%         5
 Summon Mana Viper        Hex/Summ       6%         N/A       95%         5
 Yara's Violent Unravell  Hex/Tmut       3%         3d4       95%         5
 Conjure Ball Lightning   Conj/Air       6%         3x3d6     100%        6
 Storm Form               Tmut/Air       3%         N/A       100%        7


Dungeon Overview and Level Annotations

Branches:
Dungeon (1/1)

Altars:
Cheibriados
Dithmenos
Elyvilon
Fedhas
Gozag
Hepliaklqana
Kikubaaqudgha
Makhleb
Nemelex Xobeh
Okawaru
Qazlal
Ru
Sif Muna
Trog
Uskayaw
Vehumet
Wu Jian
Xom
Yredelemnul
Zin
The Shining One
Beogh
Jiyva
Lugonu

Shops:
D :==[[*(=(:=(?!!

Annotations:
D exclusion: oklob plant, Roxanne


Innate Abilities, Weirdness & Mutations

You cannot wear most types of armour.
You are amphibious.
You can wear up to eight rings at the same time.
Your skin changes colour to match your surroundings (Stealth+).
Your rubbery body absorbs attacks. (AC +1, EV +1)
((You are camouflaged when in or above water. (Stealth+)))
You have tentacles for arms and can constrict up to eight enemies at once.


Message History

Confirm with . or Enter, or press ? or * to list all spells.
The fire begins to smoulder!
The fire ignites!
Casting: Conjure Flame (safe; 1% risk of failure)
Confirm with . or Enter, or press ? or * to list all spells.
Flames lash the polar bear.
The polar bear is lightly wounded.
The polar bear's fire resistance burns away.
Unknown command.
Casting: Scorch (safe; 1% risk of failure)
Confirm with . or Enter, or press ? or * to list all spells.
Aiming: Inner Flame (dangerous; 2% risk of failure)
Press: ? - help, Dir - move target, f - polar bear
Aim: a polar bear (flame, chance to affect: 83%)
The polar bear is filled with an inner flame.
The polar bear is engulfed in blazing flames.
Flame seeps out of the polar bear.
The polar bear misses you. x2
The polar bear claws you.
Unknown command.
Casting: Inner Flame (dangerous; 2% risk of failure)
Confirm with . or Enter, or press ? or * to list all spells.
You conjure some foxfire!
The polar bear is no longer more vulnerable to fire.
The polar bear is engulfed in blazing flames.
Flame seeps out of the polar bear.
The polar bear bites you!
The polar bear claws you but does no damage.
The polar bear barely misses you.
Your foxfire dissipates!
The polar bear attacks as you move away!
The polar bear bites you!
The polar bear claws you but does no damage.
The polar bear misses you.
The foxfire hits the polar bear but does no damage.
The polar bear is moderately wounded.
The polar bear is engulfed in blazing flames.
Flame seeps out of the polar bear.
Casting: Foxfire (safe; 1% risk of failure)
Confirm with . or Enter, or press ? or * to list all spells.
You conjure some foxfire!
The polar bear bites you!
You die...

#####≈≈≈.........# #=)▓[
.∩.∩#≈≈≈≈.##+##..# #[)▓)
∩...#≈≈≈≈##...##.#### +^####})▓.
.∩..#≈≈≈≈#..#..#....# ...####▓.
∩...#≈≈####.#.####..## #..# c#▓(
....#≈##. ##†###.##..# +..# y#▓[
∩...#≈#$B.##.####.#..# #..# .#▓.
.∩..'≈+ #+.<.'v##§hc####..##y#▓(
∩.∩.#≈#..B##†##.@h#....###.^.##▓▓
▓▓###≈##. ##'###v##......c≈≈≈≈≈≈≈
#####≈≈####.#.####≈≈.....≈#'#####
Y ##≈≈≈#.###.#≈§≈≈≈≈≈..≈#....._ $
#+#≈##.#.##≈≈≈§≈§≈≈.≈#...._. $#
#≈≈##'##≈≈≈≈≈≈§§≈≈≈#..._._ ##
##≈≈≈≈≈≈≈§§§≈≈≈≈≈≈≈#.._._.
#+++#+++#§§≈≈≈§§§§#._._._ ≈.≈.
##≈≈§###≈≈#_._._.


You could see 2 polar bears and a yaktaur.

Vanquished Creatures
  2 wyverns (D)
  Menkaure (D)
  A water moccasin (D)
  4 necrophages (D)
  3 worms (D)
11 creatures vanquished.

Vanquished Creatures (others)
  39 foxfires (D)
  13 tentacles (D)
52 creatures vanquished.

Grand Total: 63 creatures vanquished

Notes
Turn   | Place    | Note
-------+----------+-------------------------------------------
     0 | D        | Conn the Octopode Fire Elementalist began the quest for the
                  | Orb.
     0 | D        | Reached XP level 1. HP: 11/11 MP: 3/3
     1 | D        | Noticed a necrophage
     1 | D        | Noticed a necrophage
     1 | D        | Noticed a necrophage
     1 | D        | Noticed a necrophage
     7 | D        | Killed a necrophage
     8 | D        | Reached skill level 6 in Fire Magic
     8 | D        | Reached XP level 2. HP: 12/17 MP: 3/6
     8 | D        | Reached XP level 3. HP: 16/21 MP: 4/8
    11 | D        | Killed a necrophage
    12 | D        | Reached skill level 1 in Unarmed Combat
    12 | D        | Reached skill level 7 in Fire Magic
    12 | D        | Reached XP level 4. HP: 9/27 MP: 5/10
    12 | D        | Reached XP level 5. HP: 10/31 MP: 5/11
    18 | D        | Reached skill level 5 in Stealth
    18 | D        | Reached skill level 8 in Fire Magic
    27 | D        | Reached skill level 5 in Spellcasting
    27 | D        | Reached skill level 9 in Fire Magic
    27 | D        | Reached XP level 6. HP: 36/36 MP: 4/13
    40 | D        | Learned a level 3 spell: Conjure Flame
    44 | D        | Learned a level 3 spell: Inner Flame
    49 | D        | Learned a level 4 spell: Flame Wave
    52 | D        | Learned a level 2 spell: Scorch
    60 | D        | Noticed a wyvern
    60 | D        | Noticed a wyvern
    68 | D        | Killed a wyvern
    69 | D        | Reached skill level 5 in Dodging
    69 | D        | Reached skill level 10 in Fire Magic
    69 | D        | Killed a wyvern
    70 | D        | Reached XP level 7. HP: 22/41 MP: 5/16
    89 | D        | Noticed a boulder beetle
    89 | D        | Noticed a boulder beetle
   147 | D        | Noticed Roxanne
   151 | D        | Found Owo Vola's Distillery.
   152 | D        | Found Wanwanai's Magic Scroll Shoppe.
   153 | D        | Found Miuph's Book Shoppe.
   153 | D        | Found Uribrabb's Weapon Emporium.
   153 | D        | Found Wahe's Jewellery Shoppe.
   154 | D        | Found Odiud's General Store.
   154 | D        | Found Gefucs's Antique Armour Shoppe.
   154 | D        | Found Kimoufiasch's Antique Weapon Shoppe.
   154 | D        | Found Muleux's Antique Armour Emporium.
   155 | D        | Found Lysu's Jewellery Shoppe.
   155 | D        | Found Gefanoenu's Jewellery Emporium.
   155 | D        | Found Soitz's Antique Weapon Emporium.
   156 | D        | Found Yxovvi's Distillery.
   156 | D        | Found Ixkifin's Jewellery Emporium.
   159 | D        | Noticed Menkaure
   159 | D        | Noticed an oklob plant
   165 | D        | Killed Menkaure
   166 | D        | Reached skill level 11 in Fire Magic
   166 | D        | Found Eluph's Book Shoppe.
   169 | D        | Noticed a fire dragon
   170 | D        | Bought a scroll of acquirement for 572 gold pieces
   170 | D        | Acquired the Volume of Enchantment and Fire
   178 | D        | Learned a level 5 spell: Fireball
   179 | D        | Noticed a death yak
   194 | D        | Bought a potion of lignification for 39 gold pieces
   200 | D        | Bought a scroll of fear for 38 gold pieces
   201 | D        | Bought a potion of heal wounds for 50 gold pieces
   236 | D        | Found a snail-covered altar of Cheibriados.
   237 | D        | Found a shadowy altar of Dithmenos.
   237 | D        | Found a viscous altar of Jiyva.
   238 | D        | Found a white marble altar of Elyvilon.
   238 | D        | Found an ancient bone altar of Kikubaaqudgha.
   238 | D        | Found a hazy altar of Hepliaklqana.
   238 | D        | Found a sacrificial altar of Ru.
   239 | D        | Found a blossoming altar of Fedhas.
   239 | D        | Found a corrupted altar of Lugonu.
   239 | D        | Found a shimmering blue altar of Sif Muna.
   240 | D        | Found an opulent altar of Gozag.
   240 | D        | Found a burning altar of Makhleb.
   240 | D        | Found a bloodstained altar of Trog.
   240 | D        | Found a shimmering altar of Xom.
   241 | D        | Found a sparkling altar of Nemelex Xobeh.
   241 | D        | Found a hide-covered altar of Uskayaw.
   242 | D        | Found a basalt altar of Yredelemnul.
   243 | D        | Found an iron altar of Okawaru.
   243 | D        | Found a radiant altar of Vehumet.
   243 | D        | Found a glowing silver altar of Zin.
   244 | D        | Found a stormy altar of Qazlal.
   244 | D        | Found an ornate altar of the Wu Jian Council.
   244 | D        | Found a glowing golden altar of the Shining One.
   251 | D        | Became a worshipper of Sif Muna the Loreminder
   266 | D        | Noticed a kraken
   335 | D        | Learned a level 2 spell: Blink
   384 | D        | Got the Catalogue of Congealing Blows and Bruises
  1013 | D        | Noticed a yaktaur
  1013 | D        | Noticed a hornet
  1013 | D        | Noticed a polar bear
  1013 | D        | Noticed a polar bear
  1016 | D        | Noticed a polar bear
  1029 | D        | Slain by a polar bear

Illustrated notes

Levels and vault maps discovered:
D:        the_violet_keep_of_menkaure [sprint2_stairs_cluster_1,
          sprint2_shoproom, sprint2_temple, sprint2_basic_supplies,
          sprint2_obstacle_6, sprint2_obstacle_4, sprint2_obstacle_7,
          sprint2_obstacle_1, sprint2_obstacle_5, sprint2_timed_cluster_1,
          sprint2_smallroom_cluster_1, sprint2_smallroom_final_cluster_1,
          sprint2_transparent_cluster_1, sprint2_second_timed_cluster_1,
          sprint2_sniper_area_1, sprint2_heavy_combat_area_1,
          sprint2_mutation_trap_area_1, sprint2_forest_area_1,
          sprint2_light_combat_area_1, sprint2_behind_water_1,
          sprint2_near_end_vault_1]

Skill      XL: |  1  2  3  4  5  6  7 |
---------------+----------------------+-----
Dodging        | 3 4 5 6 |  6.3
Stealth        | 4 5 6 7 |  7.1
Spellcasting   | 3 4 5 6 7 |  7.1
Fire Magic     | 6 7 9 10 11 | 11.6
Unarmed Combat | 1 2 4 |  4.9
Conjurations   | 3 |  3.0

Action                   |  1- 3 |  4- 6 |  7- 9 || total
-------------------------+-------+-------+-------++-------
Melee: Unarmed           |     8 |    10 |     6 ||    24
       Constrict         |     2 |     3 |     1 ||     6
       Tentacles         |     3 |       |     1 ||     4
Throw: Dart              |       |       |     3 ||     3
 Cast: Foxfire           |       |     2 |    21 ||    23
       Flame Wave        |       |     2 |       ||     2
       Scorch            |       |     1 |     8 ||     9
       Fireball          |       |       |    10 ||    10
       Inner Flame       |       |       |     7 ||     7
       Conjure Flame     |       |       |     1 ||     1
       Blink             |       |       |     1 ||     1
  Use: Potion            |     2 |     2 |     1 ||     5
       Scroll            |       |       |     7 ||     7
Armor: Skin              |       |     1 |     2 ||     3
Dodge: Dodged            |       |    18 |     7 ||    25

Table legend: (Time is in decaauts)
 A = Elapsed time spent in this place.
 B = Non-inter-level travel time spent in this place.
 C = Inter-level travel time spent in this place.
 D = Time resting spent in this place.
 E = Time spent auto-exploring this place.
 F = Levels seen in this place.
 G = Mean time per level.
                   A        B        C        D        E       F      G
               +--------+--------+--------+--------+--------+-----+--------+
         Total |   1020 |   1020 |      0 |    388 |      1 |   1 | 1020.0 |
       Dungeon |   1020 |   1020 |      0 |    388 |      1 |   1 | 1020.0 |
               +--------+--------+--------+--------+--------+-----+--------+

Top non-repeatable levels by time:
       D: 1020 daAuts
